 Dungeon Crawl Stone Soup version 0.29-a0-352-g0917bc69df (webtiles) character file.

Game seed: 14649064260434219818

102 Shayle the Sneak (level 4, -11/42 HPs)
             Began as a Tengu Brigand on Apr 23, 2022.
             Killed by divine providence
             ... invoked by an orc priest
              (15 damage)
             ... on level 4 of the Dungeon.
             The game lasted 00:05:18 (2641 turns).

Shayle the Sneak (Tengu Brigand)                    Turns: 2641, Time: 00:05:19

Health: -11/42     AC:  3    Str: 11    XL:     4   Next: 78%
Magic:  5/5        EV: 13    Int: 13    God:
Gold:   100        SH:  0    Dex: 16    Spells: 3/3 levels left

rFire   . . .      SeeInvis .   a - +2 dagger
rCold   . . .      Faith    .   (no shield)
rNeg    . . .      Spirit   .   b - +0 robe
rPois   .          Reflect  .   (helmet restricted)
rElec   .          Harm     .   c - +0 cloak
rCorr   .          Rampage  .   (no gloves)
Will    .....                   (boots unavailable)
Stlth   ..........              (no amulet)
HPRegen 0.14/turn               (no ring)
MPRegen 0.09/turn               (no ring)

@: berserking, very quick
A: beak, talons 3, deterioration 1, no potion heal 1, MP-powered wands
a: no special abilities


You were on level 4 of the Dungeon.
You visited 1 branch of the dungeon, and saw 4 of its levels.

You collected 100 gold pieces.

Inventory:

Hand Weapons
 a - a +2 dagger (weapon)
Missiles
 d - 14 poisoned darts
 e - 3 curare-tipped darts (quivered)
Armour
 b - a +0 robe (worn)
 c - a +0 cloak (worn)
Jewellery
 j - a ring of resist corrosion
Wands
 t - a wand of polymorph (12)
Scrolls
 f - a scroll of enchant armour {unknown}
 h - 8 scrolls of identify {unknown}
 k - a scroll of silence {unknown}
 l - a scroll of vulnerability {unknown}
 m - a scroll of acquirement {unknown}
 n - a scroll of magic mapping {unknown}
 r - a scroll of enchant weapon {unknown}
Potions
 g - a potion of flight {unknown}
 i - a potion of degeneration {unknown}
 p - a potion of brilliance
 s - a potion of attraction {unknown}


   Skills:
 + Level 3.1 Fighting
 - Level 2.1 Short Blades
 - Level 2.0 Throwing
 + Level 2.8 Dodging
 + Level 4.9 Stealth


You had 3 spell levels left.
You didn't know any spells.
Your spell library was empty.

Dungeon Overview and Level Annotations

Branches:
Dungeon (4/15)
 Temple: D:4-7

Altars:
Dithmenos


Innate Abilities, Weirdness & Mutations

You have a beak for a mouth.
You have claws for feet.
Your body sometimes deteriorates upon taking damage.
Potions are less effective at restoring your health.
You expend magic power (3 MP) to strengthen your wands.


Message History

You see here a +0 hand axe.
You see here a worm corpse.
An orc priest comes into view. It is wielding a +0 short sword.
The orc priest moves out of view.
An orc comes into view. It is wielding a +0 dagger.
The orc shouts!
You hear a shout! x4
You barely miss the orc. Your peck misses the orc. The orc misses you.
You hit the orc.
The orc is heavily wounded.
The orc closely misses you.
You hit the orc. You claw the orc.
You kill the orc!
h - 8 scrolls labelled MOKEWI UNEU (gained 1)
Things that are here:
a +0 dagger; a +0 leather armour; an orc corpse You hear the slow rusting of a very distant drain.
The orc priest mumbles some strange prayers to Beogh against you.
Beogh smites you!
The orc priest mumbles some strange prayers to Beogh against you.
Beogh smites you!
Ouch! That really hurt!
* * * LOW HITPOINT WARNING * * *
It was a potion of mutation.
You feel extremely strange.
You feel yourself wasting away.
Your system partially rejects the healing effects of potions.
You feel your magical essence link to the dungeon's wands.
It was a potion of berserk rage.
A red film seems to cover your vision as you go berserk!
You feel yourself moving faster!
You feel mighty!
You barely miss the orc. You peck the orc.
The orc is almost dead.
The orc priest closely misses you. The orc barely misses you.
You hit the orc priest. You claw the orc priest.
Your peck misses the orc priest.
The orc priest is heavily wounded.
You closely miss the orc priest.
The orc priest is heavily wounded.
The orc priest mumbles some strange prayers to Beogh against you.
Beogh smites you!
You die...

#.. #.# #.#### #####
##.##.. .... .#.##.# #..
.#.##.# #.#
.#.##.##########.######.
.............).o@.......
.#....##########o######.
.#..### #.# .#...o ..#
.#..... ### .........
........# .#####..# ..


You could see an orc priest and an orc.

Vanquished Creatures
  4 adders
  A worm (D:4)
  2 dart slugs
  5 orcs
  2 ball pythons
  6 endoplasms
  A giant cockroach (D:2)
  2 goblins
  5 hobgoblins
  2 jackals (D:3)
  A quokka (D:3)
  6 bats
  5 frilled lizards (D:1)
  6 kobolds
  9 rats
57 creatures vanquished.

Notes
Turn   | Place    | Note
-------+----------+-------------------------------------------
     0 | D:1      | Shayle the Tengu Brigand began the quest for the Orb.
     0 | D:1      | Reached XP level 1. HP: 12/12 MP: 2/2
    69 | D:1      | Reached XP level 2. HP: 17/17 MP: 3/3
   638 | D:2      | Found a shadowy altar of Dithmenos.
   688 | D:2      | Reached XP level 3. HP: 21/22 MP: 4/4
   960 | D:2      | Found a faded altar of an unknown god.
  1012 | D:2      | Reached XP level 4. HP: 23/27 MP: 5/5
  2637 | D:4      | Gained mutation: Your body sometimes deteriorates upon
                  | taking damage. [potion of mutation]
  2637 | D:4      | Gained mutation: Potions are less effective at restoring
                  | your health. [potion of mutation]
  2637 | D:4      | Gained mutation: You expend magic power (3 MP) to
                  | strengthen your wands. [potion of mutation]
  2641 | D:4      | Killed from afar by an orc priest

Illustrated notes

Levels and vault maps discovered:
D:1:      erik_arrival_triangle_medium, layout_rooms, hangedman_decor_opposing
D:2:      layout_basic, dilly_ecumenical_altar_fadedgnrine, basic_altar,
          kennysheep_potato
D:3:      layout_basic, minmay_misc_feat_diagonals
D:4:      layout_basic, nicolae_wu_jian_wuxing_cycle, portal_sewer_entry_d,
          minmay_distorted

Skill      XL: |  1  2  3  4 |
---------------+-------------+-----
Dodging        | 2 |  2.8
Fighting       | 3 |  3.1
Short Blades   | |  2.1
Throwing       | |  2.0
Stealth        | |  4.9

Action                   |  1- 3 |  4- 6 || total
-------------------------+-------+-------++-------
Melee: Dagger            |    58 |    63 ||   121
       Kick              |    12 |    11 ||    23
       Peck              |     7 |    11 ||    18
Throw: Dart              |     2 |       ||     2
  Use: Potion            |     1 |     2 ||     3
 Stab: Sleeping          |     7 |     5 ||    12
Armor: Robe              |    16 |    10 ||    26
Dodge: Dodged            |    35 |    35 ||    70

Table legend: (Time is in decaauts)
 A = Elapsed time spent in this place.
 B = Non-inter-level travel time spent in this place.
 C = Inter-level travel time spent in this place.
 D = Time resting spent in this place.
 E = Time spent auto-exploring this place.
 F = Levels seen in this place.
 G = Mean time per level.
                   A        B        C        D        E       F      G
               +--------+--------+--------+--------+--------+-----+--------+
         Total |   2627 |   2561 |     66 |    541 |   1382 |   4 |  656.8 |
       Dungeon |   2627 |   2561 |     66 |    541 |   1382 |   4 |  656.8 |
               +--------+--------+--------+--------+--------+-----+--------+

Top non-repeatable levels by time:
     D:3: 1290 daAuts
     D:1: 634 daAuts
     D:2: 595 daAuts
     D:4: 106 daAuts
